 Dungeon Crawl Stone Soup version 0.31-a0-1009-g454b1f1e0a (webtiles) character file.

Game seed: 15167573399187349803

35 MackTheKnife the Magician (level 3, -1/24 HPs)
             Began as a Mummy Summoner on Nov 14, 2023.
             Slain by a river rat (3 damage)
             ... on level 2 of the Dungeon.
             The game lasted 00:02:40 (1062 turns).

MackTheKnife the Magician (Mummy Summoner)          Turns: 1062, Time: 00:02:41

Health: -1/24      AC:  2    Str: 11    XL:     3   Next: 17%
Magic:  5/8        EV: 12    Int: 14    God:
Gold:   56         SH:  0    Dex: 14    Spells: 6/9 levels left

rFire   x . .        g - +0 dagger (speed) {short}
rCold   + . .        (no shield)
rNeg    + + +        a - +0 robe rPois โˆž
                     (no helmet)
rElec   .            (no cloak)
rCorr   .            (no gloves)
SInv    .            (no boots)
Will    .....        (no amulet)
Stlth   ++           (no ring)
HPRegen 0.24/turn    (no ring)
MPRegen 0.11/turn

%: faith
@: no status effects
A: cold resistance 1, negative energy resistance 3, torment resistance 2, heat
vulnerability 1, in touch with death 1, no potions, faith
a: no special abilities


You were on level 2 of the Dungeon.
You visited 1 branch of the dungeon, and saw 2 of its levels.

You collected 56 gold pieces.


Innate Abilities, Weirdness & Mutations

You are immune to poison.
Your flesh is cold resistant. (rC+)
You are immune to negative energy. (rN+++)
You are immune to unholy pain and torment.
You are vulnerable to heat. (rF-)
You are in touch with the powers of death.
You do not drink.
You have a special connection with the divine. (Faith)


   Skills:
 - Level 1.5 Dodging
 - Level 1.5 Stealth
 + Level 3.8 Spellcasting
 + Level 3.7 Summonings


You had 6 spell levels left.
You knew the following spells:

 Your Spells              Type           Power      Damage    Failure   Level
a - Summon Small Mammal   Summ           52%        N/A       4%          1
b - Call Imp              Summ           26%        N/A       6%          2

Your spell library contained the following spells:

 Spells                   Type           Power      Damage    Failure   Level
 Call Canine Familiar     Summ           13%        N/A       13%         3
 Summon Guardian Golem    Hex/Summ       7%         N/A       26%         3
 Summon Lightning Spire   Summ/Air       7%         N/A       65%         4
 Chain Lightning          Conj/Air       1%         3d1       100%        9
 Fire Storm               Conj/Fire      1%         7d1       100%        9
 Shatter                  Erth           1%         3d5*      100%        9

Inventory:

Hand Weapons
 g - a +0 dagger of speed (weapon) {short}
   (You took it off a goblin on level 1 of the Dungeon)
Armour
 a - a +0 robe (worn)
 b - a +0 leather armour
   (You found it on level 1 of the Dungeon)
Wands
 e - a wand of polymorph (3)
   (You took it off a gnoll on level 2 of the Dungeon)
Scrolls
 c - 7 scrolls of identify {unknown}
 d - a scroll of brand weapon {unknown}
 f - a scroll of butterflies {unknown}

Dungeon Overview and Level Annotations

Branches:
Dungeon (2/15) Zot: 10943

Altars:

############
#..........#
#.@........#
#..rr..)...###
#.!.).........
#.[..........#
###.###5#####..
....###ยง### #
........g.#
#....####..##
##### #.>.##


You could see a gnoll (ally target), a river rat (ally target), a friendly
cerulean imp (summoned) and a friendly rat (summoned).


Message History

A gnoll comes into view. It is wielding a +0 whip.
The gnoll misses your bat.
Your cerulean imp barely misses the gnoll.
You see here 11 gold pieces.
You now have 56 gold pieces (gained 11).
Your cerulean imp disappears in a puff of smoke!
Your bat barely misses the rat.
Your bat closely misses the rat.
Your bat hits the rat but does no damage.
The rat closely misses your bat.
The gnoll closely misses your bat. ๐Ÿ˜Ž MP[+1]
Your bat misses the rat.
You see here a ball python corpse.
Your bat barely misses the gnoll.
Your bat hits the gnoll.
Your bat hits the rat but does no damage.
Your bat barely misses the rat.
Your bat misses the rat.
Your bat hits the gnoll but does no damage.
The gnoll throws a stone.
The stone hits you. ๐Ÿ˜• HP[-4]
You take 4 damage, and now have 20/24 hp.
Your bat hits the gnoll but does no damage.
Your bat closely misses the gnoll. x2
Your bat hits the rat.
Casting: Summon Small Mammal (safe; 4% risk of failure)
Confirm with . or Enter, or press ? or * to list all spells.
A tiny devil pulls itself out of the air.
Your bat hits the rat. x2
The rat dies! ๐Ÿ˜• HP[+1] MP[-1]
You lost 1 mp, and now have 5/8 mp.
Your bat hits the gnoll.
Your bat closely misses the gnoll.
The gnoll attacks as it pursues you! The gnoll barely misses you.
Your bat hits the gnoll but does no damage.
Your bat closely misses the gnoll.
You barely miss the gnoll. The gnoll closely misses your bat.
The gnoll hits you with a +0 whip.
Your cerulean imp hits the gnoll but does no damage. ๐Ÿ˜ฎ HP[-4]
You take 4 damage, and now have 17/24 hp.
Unknown command.
Casting: Call Imp (safe; 6% risk of failure)
Confirm with . or Enter, or press ? or * to list all spells.
The gnoll throws a stone.
The stone hits your bat. The gnoll hits you with a +0 whip.
Your cerulean imp hits the gnoll from afar with a -3 spear. ๐Ÿ˜ฎ HP[-1] MP[-1]
You take 1 damage, and now have 16/24 hp.
You lost 1 mp, and now have 4/8 mp.
Unknown command.
The gnoll throws a stone.
The stone barely misses your bat. The stone hits your cerulean imp.
The gnoll attacks as it pursues you! The gnoll hits you with a +0 whip.
* * * LOW HITPOINT WARNING * * *
Your cerulean imp closely misses the gnoll.
Your rat barely misses the gnoll. ๐Ÿ˜จ HP[-5]
You take 5 damage, and now have 11/24 hp.
MASSIVE DAMAGE!! (PAUSE) Unknown command.
Aiming: Polymorph
Press: ? - help, Shift-Dir - straight line, f - gnoll
Aim: a gnoll, wielding a +0 whip and wearing a ring of protection from fire (lightly wounded, ally target, will become a dart slug, a jackal, or a river rat, chance to affect: 57%)
The gnoll resists with significant effort.
The gnoll closely misses your bat. The gnoll hits you with a +0 whip.
* * * LOW HITPOINT WARNING * * *
Your cerulean imp completely misses the gnoll.
Your rat bites the gnoll but does no damage. ๐Ÿ˜จ HP[-4]
You take 4 damage, and now have 7/24 hp.
Unknown command.
Aiming: Polymorph
Press: ? - help, Shift-Dir - straight line, f/p - gnoll
Aim: a gnoll, wielding a +0 whip and wearing a ring of protection from fire (lightly wounded, ally target, will become a dart slug, a jackal, or a river rat, chance to affect: 57%)
The gnoll resists with significant effort.
The gnoll misses your bat. The gnoll hits you with a +0 whip.
* * * LOW HITPOINT WARNING * * *
Your cerulean imp hits the gnoll but does no damage.
Your rat bites the gnoll. ๐Ÿ˜ฑ HP[-6]
You take 6 damage, and now have 1/24 hp.
MASSIVE DAMAGE!! (PAUSE)
Aiming: Polymorph
Press: ? - help, Shift-Dir - straight line, f/p - gnoll
Aim: a gnoll, wielding a +0 whip and wearing a ring of protection from fire (moderately wounded, ally target, will become a dart slug, a jackal, or a river rat, chance to affect: 57%)
The gnoll evaporates and reforms as a river rat!
The gnoll throws a stone.
The stone hits your bat.
Your cerulean imp barely misses the gnoll.
Your rat bites the river rat but does no damage. ๐Ÿ˜ฑ HP[+1] Unknown command.
You can't drink.
Unknown command.
The gnoll hits your bat with a +0 club.
Your bat dies!
Your bat's corpse disappears in a puff of smoke!
Your cerulean imp hits the gnoll but does no damage.
There is a stone staircase leading up here.
Unknown command.
The river rat bites you.
You die...

Skill      XL: |  1 |
---------------+----+-----
Spellcasting   | 3 |  3.8
Dodging        | |  1.5
Stealth        | |  1.5
Summonings     | |  3.7

Action                     || total
---------------------------++-------
  Melee: Club              ||    10
         Dagger            ||    25
   Cast: Summon Small Mamm ||    27
         Call Imp          ||     8
  Evoke: Wand              ||     3
   Stab: Distracted        ||     1
 Armour: Robe              ||    27
  Dodge: Dodged            ||    23

Levels and vault maps discovered:
D:1:      dpeg_arrival_arbitrary_b, layout_rooms, st_stairs_4, glass_columns_c
D:2:      layout_rooms

Notes
Turn   | Place    | Note
-------+----------+-------------------------------------------
     0 | D:1      | MackTheKnife the Mummy Summoner began the quest for the
                  | Orb.
     0 | D:1      | Reached XP level 1. HP: 13/13 MP: 4/4
     0 | D:1      | magus.rc [v1.9.6]
    55 | D:1      | You pick up a book of Annihilations and begin reading...
    55 | D:1      | You add the spells Chain Lightning, Fire Storm and Shatter
                  | to your library.
   241 | D:1      | Reached skill level 3 in Spellcasting
   396 | D:1      | Reached XP level 2. HP: 19/19 MP: 3/6
   399 | D:1      | Learned a level 2 spell: Call Imp
  1040 | D:2      | Reached XP level 3. HP: 24/24 MP: 5/8
  1059 | D:2      | HP: 1/24 [gnoll/+0 whip (6)]
  1062 | D:2      | Slain by a river rat

Vanquished Creatures
  A gnoll (D:2)
  A hobgoblin (D:2)
  A bat (D:2)
  A frilled lizard (D:1)
  2 rats (D:1)
6 creatures vanquished.

Vanquished Creatures (collateral kills)
  2 endoplasms (D:1)
  4 goblins (D:1)
  2 hobgoblins
  4 ball pythons
  2 frilled lizards (D:1)
  4 kobolds
  3 rats
21 creatures vanquished.

Grand Total: 27 creatures vanquished

Table legend:
 A = Non-vault XP
 B = Vault XP
 C = Vault XP percentage of total XP
 D = Non-vault monster count
 E = Vault monster count
 F = Vault count percentage of total count
                 A         B        C        D         E       F
            +---------+---------+-------+---------+---------+-------
      Total |      48 |       3 |   5.9 |      25 |       2 |   7.4
            +---------+---------+-------+---------+---------+-------
        D:1 |      23 |       3 |  11.5 |      16 |       2 |  11.1
        D:2 |      25 |       0 |   0.0 |       9 |       0 |   0.0
            +---------+---------+-------+---------+---------+-------

Skill      XL: |  1 |
---------------+----+-----
Spellcasting   | 3 |  3.8
Dodging        | |  1.5
Stealth        | |  1.5
Summonings     | |  3.7

Action                     || total
---------------------------++-------
  Melee: Club              ||    10
         Dagger            ||    25
   Cast: Summon Small Mamm ||    27
         Call Imp          ||     8
  Evoke: Wand              ||     3
   Stab: Distracted        ||     1
 Armour: Robe              ||    27
  Dodge: Dodged            ||    23

Illustrated notes

Table legend:
 A = Kills in this place as a percentage of kills in the entire game.
 B = Kills by you in this place as a percentage of kills by you in the entire game.
 C = Kills by friends in this place as a percentage of kills by friends in the entire game.
 D = Other kills in this place as a percentage of other kills in the entire game.
 E = Experience gained in this place as a percentage of experience gained in the entire game.
 F = Experience gained in this place divided by the number of levels of this place that you have seen.
                   A       B       C       D       E      F
               +-------+-------+-------+-------+-------+----------------------
         Total | 100.0 | 100.0 | 100.0 |   N/A | 100.0 |  25.5
       Dungeon | 100.0 | 100.0 | 100.0 |   N/A | 100.0 |  25.5
               +-------+-------+-------+-------+-------+----------------------

Table legend: (Time is in decaauts)
 A = Elapsed time spent in this place.
 B = Non-inter-level travel time spent in this place.
 C = Inter-level travel time spent in this place.
 D = Time resting spent in this place.
 E = Time spent auto-exploring this place.
 F = Levels seen in this place.
 G = Mean time per level.
                   A        B        C        D        E       F      G
               +--------+--------+--------+--------+--------+-----+--------+
         Total |   1055 |   1005 |     50 |     81 |    680 |   2 |  527.5 |
       Dungeon |   1055 |   1005 |     50 |     81 |    680 |   2 |  527.5 |
               +--------+--------+--------+--------+--------+-----+--------+

Top non-repeatable levels by time:
     D:1: 933 daAuts
     D:2: 121 daAuts
